 Dungeon Crawl Stone Soup version 0.29.1-1-gd02db6906a (webtiles) character file.

Game seed: 5647457938990571203

27 xian the Trooper (level 2, 0/24 HPs)
             Began as a Demonspawn Abyssal Knight on Sept 21, 2022.
             Was a Priest of Lugonu.
             Slain by an orc
             ... wielding a +1 hand axe of flaming
              (1 damage)
             ... on level 2 of the Dungeon.
             The game lasted 00:02:33 (1431 turns).

xian the Trooper (Demonspawn Abyssal Knight)        Turns: 1431, Time: 00:02:33

Health: 0/24       AC:  4    Str: 13    XL:     2   Next: 93%
Magic:  4/4        EV: 11    Int: 11    God:    Lugonu [***...]
Gold:   72         SH:  0    Dex: 13    Spells: 1/1 levels left

rFire   . . .      SeeInvis .   a - +1 hand axe
rCold   . . .      Faith    .   (no shield)
rNeg    . . .      Spirit   .   b - +0 leather armour
rPois   .          Reflect  .   (no helmet)
rElec   .          Harm     .   (no cloak)
rCorr   .          Rampage  .   d - +0 pair of gloves
Will    .....                   (no boots)
Stlth   +.........              (no amulet)
HPRegen 0.08/turn               (no ring)
MPRegen 0.09/turn               (no ring)

@: no status effects
A: foul stench 1
a: Renounce Religion, Depart the Abyss, Bend Space, Banish


You were on level 2 of the Dungeon.
You worshipped Lugonu.
Lugonu was most pleased with you.
You visited 1 branch of the dungeon, and saw 2 of its levels.
You visited the Abyss 1 time.

You collected 72 gold pieces.

Inventory:

Hand Weapons
 a - a +1 hand axe (weapon)
Armour
 b - a +0 leather armour (worn)
 d - a +0 pair of gloves (worn)
Scrolls
 c - a scroll of summoning {unknown}
 g - a scroll of blinking {unknown}
Potions
 e - 2 potions of degeneration {unknown}
 f - 2 potions of attraction {unknown}


   Skills:
 + Level 3.4 Fighting
 + Level 2.1 Axes
 + Level 2.1 Armour
 + Level 1.1 Dodging
 * Level 2.7 Invocations


You had one spell level left.
You didn't know any spells.
Your spell library contained the following spells:

 Spells                   Type           Power      Damage    Failure   Level
 Ensorcelled Hibernation  Hex/Ice        0%         N/A       56%         2
 Passwall                 Tmut/Erth      0%         N/A       56%         2
 Swiftness                Air            0%         N/A       80%         3


Dungeon Overview and Level Annotations

Branches:
Dungeon (2/15)

Altars:


Innate Abilities, Weirdness & Mutations

You may rarely emit foul miasma when damaged in melee.


Message History

The endoplasm quivers.
The endoplasm freezes you.
You are frozen.
There is a stone staircase leading down here.
You hit the endoplasm.
The endoplasm is lightly wounded.
The endoplasm misses you.
You hit the endoplasm.
The endoplasm is moderately wounded.
The endoplasm freezes you.
You are frozen.
The endoplasm hits you but does no damage.
You slash the endoplasm!
You kill the endoplasm!
Lugonu accepts your kill.
You can now banish your foes.
The orc completely misses you.
There is a stone staircase leading down here.
You closely miss the orc.
The orc hits you with a +1 hand axe of flaming.
The orc burns you.
You hit the orc but do no damage. Your punch misses the orc.
The orc closely misses you.
You closely miss the orc. The orc barely misses you.
A frilled lizard comes into view.
You closely miss the orc. The orc completely misses you.
The orc closely misses you.
You barely miss the orc.
The frilled lizard hisses angrily.
A ball python comes into view.
The orc barely misses you.
You barely miss the orc. The orc closely misses you.
You barely miss the orc.
The ball python hisses angrily.
The orc hits you with a +1 hand axe of flaming.
The orc burns you.
You closely miss the orc.
The orc hits you with a +1 hand axe of flaming!
* * * LOW HITPOINT WARNING * * *
The orc burns you.
You die...

###..# ....
#....# ####..##
#....####......#
#......##...S..#
#.......'..r...#
#...#####...l..#
##.## #......#
...# #.o....#
##### #.@....#
#......#
#......#
########


You could see an orc, a quokka, a ball python and a frilled lizard.

Vanquished Creatures
  3 ball pythons (D:1)
  2 bats
  4 endoplasms
  A goblin (D:1)
  5 hobgoblins
  2 quokkas (D:2)
  A frilled lizard (D:2)
  2 kobolds
  4 rats (D:1)
24 creatures vanquished.

Notes
Turn   | Place    | Note
-------+----------+-------------------------------------------
     0 | Abyss:1  | xian the Demonspawn Abyssal Knight began the quest for the
                  | Orb.
     0 | Abyss:1  | Reached XP level 1. HP: 18/18 MP: 2/2
     1 | D:1      | Escaped the Abyss
   312 | D:1      | Gained mutation: You may rarely emit foul miasma when
                  | damaged in melee. [demonic ancestry]
   312 | D:1      | Reached XP level 2. HP: 21/24 MP: 3/3
   947 | D:1      | Reached skill level 1 in Dodging
  1421 | D:2      | Reached *** piety under Lugonu
  1431 | D:2      | HP: 1/24 [orc/+1 hand axe of flaming (7)]
  1431 | D:2      | Slain by an orc

Illustrated notes

Levels and vault maps discovered:
D:1:      lemuel_arrival_river_bridge, layout_basic
D:2:      layout_basic

Skill      XL: |  1  2 |
---------------+-------+-----
Armour         | 2 |  2.1
Axes           | 2 |  2.1
Dodging        | 1 |  1.1
Fighting       | |  3.4
Invocations    | |  2.7

Action                   || total
-------------------------++-------
Melee: Hand axe          ||    66
Armor: Leather armour    ||    23
Dodge: Dodged            ||    52
